 Dungeon Crawl Stone Soup version 0.23.2-30-g0e89c35649 (webtiles) character file.

Game seed: 16514913165354625556

2062 dvd the Shield-Bearer (level 9, -3/78 HPs)
             Began as a Deep Dwarf Fighter on June 16, 2019.
             Slain by a warg (5 damage)
             ... on level 8 of the Dungeon.
             The game lasted 00:17:00 (5602 turns).

dvd the Shield-Bearer (Deep Dwarf Fighter)          Turns: 5602, Time: 00:17:01

Health: -3/78      AC: 13    Str: 26    XL:     9   Next: 5%
Magic:  6/6        EV:  9    Int: 12    God:
Gold:   331        SH: 11    Dex: 16    Spells: 8/8 levels left

rFire    . . .     SeeInvis .   a - +0 war axe
rCold    . . .     Gourm    .   c - +0 shield
rNeg     . . .     Faith    .   A - +0 scale mail
rPois    +         Spirit   .   F - +0 helmet
rElec    .         Reflect  .   y - +0 cloak
rCorr    .         Harm     +   (no gloves)
MR       +....     Rnd*Rage +   B - +2 pair of boots
Stlth    ..........             I - amulet of harm
HPRegen  0.00/turn              j - ring of poison resistance
MPRegen  0.10/turn              v - +3 ring of intelligence

@: mighty, non-regenerating, drained
A: damage resistance, heal wounds, agile 1, berserk 1, sense surroundings 2, no
regeneration
a: Heal Wounds


You were on level 8 of the Dungeon.
You were hungry.

You visited 2 branches of the dungeon, and saw 9 of its levels.

You collected 541 gold pieces.
You spent 210 gold pieces at shops.

Inventory:

Hand Weapons
 a - a +0 war axe (weapon)
 b - a +2 mace of crushing
 u - a +0 trident of freezing
Missiles
 p - 16 tomahawks (quivered)
Armour
 c - a +0 shield (worn)
 w - a +0 chain mail
 y - a +0 cloak (worn)
 z - the cursed +0 robe "Jyanifoyhu" {+Fly rPois Slay+5}
   (You found it on level 6 of the Dungeon)

   It affects your accuracy and damage with ranged weapons and melee attacks
   (+5).
   It protects you from poison.
   It lets you fly.
   It has a curse placed upon it.
 A - a +0 scale mail (worn)
 B - a +2 pair of boots (worn)
 F - a +0 helmet (worn)
Jewellery
 j - a ring of poison resistance (left hand)
 r - an uncursed ring of stealth
 v - a +3 ring of intelligence (right hand)
 E - an uncursed ring of wizardry
 I - an amulet of harm (around neck)
 J - an uncursed ring of fire
Wands
 e - a wand of random effects (24)
Scrolls
 g - a scroll of torment {unknown}
 h - 3 scrolls of blinking {unknown}
 k - a scroll of immolation {unknown}
 l - 8 scrolls of remove curse {unknown}
 m - 2 scrolls of enchant armour {unknown}
 n - 14 scrolls of identify
 q - 2 scrolls of enchant weapon {unknown}
 x - 3 scrolls of amnesia {unknown}
 C - 7 scrolls of teleportation {unknown}
 D - 2 scrolls of random uselessness {unknown}
 H - a scroll of noise {unknown}
Potions
 d - a potion of might
 i - a potion of flight
 o - 2 potions of cancellation
 s - 5 potions of curing
 t - a potion of heal wounds
Comestibles
 f - 17 rations


   Skills:
 + Level 4.2(3.1) Fighting
 + Level 6.1(5.8) Axes
 + Level 4.3(4.6) Maces & Flails
 + Level 3.1(2.1) Throwing
 + Level 6.2(5.1) Armour
 + Level 2.9(1.9) Dodging
 + Level 1.7(0.7) Stealth
 + Level 6.9(5.8) Shields


You had 8 spell levels left.
You didn't know any spells.
Your spell library was empty.

Dungeon Overview and Level Annotations

Branches:
Dungeon (8/15)             Temple (1/1) D:7
   Lair: D:8-11

Altars:
Ashenzari
Cheibriados
Dithmenos
Elyvilon
Fedhas
Hepliaklqana
Kikubaaqudgha
Okawaru
Qazlal
Ru
Sif Muna
Trog
Uskayaw
Vehumet
Wu Jian
Xom
Yredelemnul
Zin
The Shining One

Shops:
D:6 ![


Innate Abilities, Weirdness & Mutations

You are resistant to damage.
You can heal yourself by infusing magical energy.
You passively map the area around you.
You do not regenerate.
You are agile. (Dex +2)
You tend to lose your temper in combat.


Message History

The orc priest is almost dead.
You hit the centaur.
You closely miss the warg. x2; The centaur hits you.
The warg bites you!
* * * LOW HITPOINT WARNING * * *
You block the warg's attack.
The orc priest hits you but does no damage.
The centaur barely misses you. You block the warg's attack.
The warg barely misses you. You block the orc priest's attack.
The centaur hits you.
* * * LOW HITPOINT WARNING * * *
You slash the orc priest!
You kill the orc priest!
You hit the warg. You completely miss the warg. You hit the centaur.
The warg closely misses you. The warg bites you!
* * * LOW HITPOINT WARNING * * *
The orc wizard mumbles some strange words.
The orc wizard flickers and vanishes!
Deactivating autopickup; reactivate with Ctrl-A.
The centaur hits you. The warg bites you.
You die...

* * * *.#, * #.# ** * *
#.# #.#* * ( * #.# *#.. *
.. * , , , ,* #.# #.# S..
*** * , * #.# #.# .... *
, , #l##.##....., * * , ,
#c#o.lo.{.., * ##
*#########@h# , , .#
##.##.##.#h(# .., ,
.######...#.##.##.##..P.,
............##.#....# , ,
>....##.....##......# * *
####...............## ,
#######..######.#
##########..# .# ,,
....<......)# .# *


You could see 2 wargs, a centaur, an iguana, an orc wizard, an orc and a leopard
gecko.

Vanquished Creatures
  A water moccasin (D:6)
  2 sky beasts (D:6)
  3 orc warriors
  A phantom (D:5)
  A centaur (D:6)
  2 bullfrogs (D:6)
  2 scorpions
  3 howler monkeys
  A crimson imp (D:6)
  A bullfrog zombie (D:6)
  A centaur zombie (D:7)
  2 hounds
  A bullfrog skeleton (D:6)
  7 orc priests
  5 orc wizards
  Crazy Yiuf (D:3)
  An iguana (D:6)
  2 worker ants
  A hound skeleton (D:5)
  A worker ant zombie (D:6)
  Robin (D:4)
  A howler monkey skeleton (D:4)
  10 adders
  2 shadow imps (D:5)
  An ooze (D:2)
  An adder skeleton (D:4)
  3 worms
  4 dart slugs
  2 leopard geckos
  28 orcs
  3 ball pythons
  10 bats
  8 giant cockroaches
  23 goblins
  11 hobgoblins
  25 jackals
  3 quokkas
  5 frilled lizards
  A jackal skeleton (D:4)
  10 kobolds
  A quokka skeleton (D:5)
  A quokka zombie (D:6)
  7 rats
200 creatures vanquished.

Vanquished Creatures (others)
  7 toadstools (D:1)
7 creatures vanquished.

Grand Total: 207 creatures vanquished

Notes
Turn   | Place    | Note
-------+----------+-------------------------------------------
     0 | D:1      | dvd the Deep Dwarf Fighter began the quest for the Orb.
     0 | D:1      | Reached XP level 1. HP: 20/20 MP: 1/1
   313 | D:1      | Reached XP level 2. HP: 25/27 MP: 2/2
   898 | D:2      | Reached XP level 3. HP: 27/33 MP: 3/3
  1164 | D:2      | Reached XP level 4. HP: 23/40 MP: 4/4
  1190 | D:2      | Reached skill level 1 in Throwing
  1705 | D:3      | Found a deep blue altar of Sif Muna.
  1783 | D:3      | HP: 2/42 [orc priest/divine providence (12)]
  1793 | D:3      | Reached XP level 5. HP: 26/49 MP: 4/4
  1848 | D:3      | Found a bloodstained altar of Trog.
  1887 | D:3      | Found a runed translucent door.
  1888 | D:3      | Noticed Crazy Yiuf
  1895 | D:3      | Killed Crazy Yiuf
  2209 | D:3      | Reached XP level 6. HP: 19/56 MP: 4/4
  2493 | D:4      | Reached skill level 5 in Shields
  2518 | D:4      | Reached skill level 1 in Dodging
  2518 | D:4      | Reached skill level 1 in Maces & Flails
  3088 | D:4      | Reached XP level 7. HP: 30/62 MP: 5/5
  3210 | D:4      | Noticed Robin
  3224 | D:4      | Killed Robin
  3332 | D:5      | Entered Level 5 of the Dungeon
  3585 | D:5      | Found a stormy altar of Qazlal.
  3619 | D:5      | Found a blossoming altar of Fedhas.
  3776 | D:5      | Found a sacrificial altar of Ru.
  3837 | D:5      | Found a stormy altar of Qazlal.
  4119 | D:6      | Reached skill level 5 in Axes
  4140 | D:6      | Reached skill level 1 in Stealth
  4169 | D:6      | Gained mutation: You tend to lose your temper in combat.
                  | [potion of mutation]
  4169 | D:6      | Gained mutation: You are agile. (Dex +2) [potion of
                  | mutation]
  4178 | D:6      | Reached skill level 5 in Armour
  4228 | D:6      | Reached XP level 8. HP: 43/72 MP: 5/5
  4274 | D:6      | Found Ceyxames's Distillery.
  4295 | D:6      | Bought a potion of curing for 45 gold pieces
  4295 | D:6      | Bought a potion of ambrosia for 120 gold pieces
  4295 | D:6      | Bought a potion of curing for 45 gold pieces
  4622 | D:6      | Got a crude robe
  4623 | D:6      | Identified the cursed +0 robe "Jyanifoyhu" {+Fly rPois
                  | Slay+5} (You found it on level 6 of the Dungeon)
  4701 | D:6      | Found Zuamor's Armour Shoppe.
  4840 | D:6      | Found a snail-covered altar of Cheibriados.
  4959 | D:7      | Found a staircase to the Ecumenical Temple.
  4967 | Temple   | Entered the Ecumenical Temple
  5228 | D:7      | Found an ornate altar of the Wu Jian Council.
  5599 | D:8      | Gained mutation: You passively map the area around you.
                  | [Deep Dwarf growth]
  5599 | D:8      | Reached XP level 9. HP: 33/78 MP: 6/6
  5602 | D:8      | HP: 2/78 [warg (10)]
  5602 | D:8      | Slain by a warg

Skill      XL: |  1  2  3  4  5  6  7  8 |
---------------+-------------------------+-----
Armour         | 4 5 6 |  6.2
Shields        | 4 5 6 |  6.9
Throwing       | 1 3 |  3.1
Axes           | 3 4 5 6 |  6.1
Fighting       | 3 4 |  4.2
Dodging        | 1 2 |  2.9
Maces & Flails | 2 3 4 |  4.3
Stealth        | 1 |  1.7

Action                   |  1- 3 |  4- 6 |  7- 9 || total
-------------------------+-------+-------+-------++-------
Melee: War axe           |    98 |   132 |    94 ||   324
       Mace              |       |    96 |   134 ||   230
Throw: Tomahawk          |    42 |    30 |    69 ||   141
 Abil: Heal Wounds       |       |     3 |     2 ||     5
  Use: Potion            |       |     3 |     9 ||    12
       Scroll            |       |       |     1 ||     1
 Stab: Invisible         |       |       |     2 ||     2
  Eat: Chunk             |     1 |     7 |     8 ||    16
Armor: Scale mail        |    50 |    92 |   105 ||   247
       Skin              |       |       |     9 ||     9
Dodge: Dodged            |    32 |    79 |   104 ||   215
Block: Shield            |    55 |   150 |   180 ||   385
